 Dungeon Crawl Stone Soup version 0.20-a0-876-g2c7b0bf (webtiles) character file.

1380 4thArraOfDagon the Poker (level 8, -9/67 HPs)
             Began as a Demigod Wanderer on Mar 15, 2017.
             Mangled by Menkaure (12 damage)
             ... on level 5 of the Dungeon.
             The game lasted 00:10:31 (1965 turns).

4thArraOfDagon the Poker (Demigod Wanderer)         Turns: 1965, Time: 00:10:31

Health: -9/67      AC: 12    Str: 17    XL:     8   Next: 16%
Magic:  10/10      EV:  7    Int: 23    God:
Gold:   237        SH:  0    Dex: 16    Spells: 5/7 levels left

rFire    + . .     SeeInvis .   q - +4 trident of Traps {venom, rElec Int+6}
rCold    . . .     Gourm    .   w - +3 chain mail
rNeg     . . .     Faith    .   (no shield)
rPois    .         Spirit   .   (no helmet)
rElec    +         Reflect  .   (no cloak)
rCorr    .         Harm     .   (no gloves)
MR       .....                  (no boots)
Stlth    ..........             (no amulet)
Regen    0.3/turn               y - ring of protection from fire
MPRegen  0.2/turn               l - ring of flight

@: no status effects
A: high mp 1
a: Evoke Flight


You were on level 5 of the Dungeon.
You were not hungry.

You visited 1 branch of the dungeon, and saw 6 of its levels.
You also visited: Sewer.

You collected 237 gold pieces.

Inventory:

Hand Weapons
 c - a +0 short sword
 f - a +1 dagger
 q - the +4 trident of Traps (weapon) {venom, rElec Int+6}
   (You found it on level 4 of the Dungeon)

   It poisons the flesh of those it strikes.
   It affects your intelligence (+6).
   It insulates you from electricity.
 v - a +3 dire flail of holy wrath
 x - a +0 dagger of distortion
Armour
 e - a +1 robe
 n - a +0 plate armour
 w - a +3 chain mail (worn)
Jewellery
 l - a ring of flight (left hand)
 y - a ring of protection from fire (right hand)
Scrolls
 h - 3 scrolls of identify
 j - a scroll of remove curse
 k - a scroll of amnesia
 m - 2 scrolls of enchant weapon
 p - 2 scrolls of blinking {unknown}
 t - 2 scrolls of random uselessness {unknown}
 u - a scroll of enchant armour
 z - a scroll of fog {unknown}
Potions
 b - a potion of invisibility {unknown}
 d - a potion of cancellation {unknown}
 r - 2 potions of brilliance {unknown}
 s - a potion of mutation {unknown}
 B - a potion of lignification {unknown}
 C - a potion of degeneration {unknown}
Books
 i - a book of Minor Magic

   Spells                             Type                      Level
   a - Magic Dart                     Conjuration                  1
   b - Blink                          Translocation                2
   c - Call Imp                       Summoning                    2
   d - Slow                           Hexes                        2
   e - Conjure Flame                  Conjuration/Fire             3
   f - Mephitic Cloud                 Conjuration/Poison/Air       3
Comestibles
 a - 4 royal jellies
 g - 2 bread rations
 A - 3 chunks of flesh


   Skills:
 - Level 4.4 Fighting
 - Level 1.0 Short Blades
 * Level 7.2 Polearms
 + Level 4.6 Armour
 - Level 2.6 Stealth
   Level 1.0 Shields
 - Level 1.7 Unarmed Combat


You had 5 spell levels left.
You knew the following spells:

 Your Spells              Type           Power        Failure   Level  Hunger
a - Blink                 Tloc           N/A          100%        2    ###....


Dungeon Overview and Level Annotations

Branches:
Dungeon (6/15)
 Temple: D:4-7

Annotations:
D:2 Terence
D:5 Menkaure


Innate Abilities, Weirdness & Mutations

You have an increased reservoir of magic. (+10% MP)


Message History

Menkaure is heavily damaged.
Menkaure hits you!
* * * LOW HITPOINT WARNING * * *
Unknown command.
Unknown command.
Unknown command.
You hit Menkaure.
Menkaure is severely damaged.
Menkaure barely misses you.
A ball python skeleton comes into view.
Unknown command.
Your chain mail prevents you from hitting Menkaure.
Menkaure is severely damaged.
Menkaure closely misses you.
Unknown command.
Unknown command.
You barely miss Menkaure.
Menkaure is severely damaged.
Menkaure hits you!
You die...

#......#.............#
....
#..#..W#.....##......#
.....
#..#...#..)..##......#
.##+
#..#...#.....##......# #.
##.....###........##
#.....###..........
.........'..........
###.....###..........
.'...... #..@....... .##
##......
#..M.?..#######..#
#.......#................#
#....?...........#
.................#
#.................#
#.Z.####.........#
#................#
#................#


You could see Menkaure and a ball python skeleton.

Vanquished Creatures
  Grinder (D:4)
  Edmund (D:5)
  2 phantoms (D:5)
  2 ogres
  3 bullfrogs
  Blork the orc (D:5)
  A howler monkey (D:3)
  A crimson imp (D:5)
  A hound (D:5)
  3 orc wizards
  A worker ant (D:5)
  A killer bee zombie (D:5)
  A gnoll (D:6)
  8 adders
  A river rat (D:4)
  8 oozes (Sewer)
  2 worms
  10 leopard geckos
  12 orcs
  11 giant cockroaches
  A goblin (D:3)
  4 hobgoblins
  2 jackals (D:5)
  2 kobolds
  8 ball pythons
  4 bats (D:3)
  17 frilled lizards
  5 rats
114 creatures vanquished.

Notes
Turn   | Place    | Note
-------+----------+-------------------------------------------
     0 | D:1      | 4thArraOfDagon the Demigod Wanderer began the quest for the Orb.
     0 | D:1      | 4thArraOfDagon set off with: a potion of heal wounds, a potion of haste, a +0 short sword, a scroll of teleportation, a +0 robe, a +0 dagger, a bread ration
     0 | D:1      | Reached XP level 1. HP: 18/18 MP: 3/3
    91 | D:2      | Reached XP level 2. HP: 19/26 MP: 4/4
   142 | D:2      | Noticed Terence
   146 | D:3      | Found a blossoming altar of Fedhas.
   263 | D:3      | Found an ornate altar of the Wu Jian Council.
   263 | D:3      | Found a radiant altar of Vehumet.
   434 | D:2      | Found a glowing golden altar of the Shining One.
   436 | D:2      | Found a white marble altar of Elyvilon.
   437 | D:2      | Found a glowing silver altar of Zin.
   445 | D:3      | Found a shattered altar of Ashenzari.
   467 | D:4      | Noticed an ogre
   483 | D:4      | Got a transparent trident
   484 | D:4      | Identified the +4 trident of Traps {venom, rElec Int+6} (You found it on level 4 of the Dungeon)
   589 | D:5      | Entered Level 5 of the Dungeon
   657 | D:5      | Noticed Edmund
   679 | D:5      | Reached XP level 3. HP: 16/33 MP: 5/5
   681 | D:5      | Noticed a phantom
   692 | D:4      | Noticed Grinder
   695 | D:4      | Paralysed by Grinder for 2 turns
   708 | D:4      | Killed Grinder
   708 | D:4      | Reached skill level 3 in Polearms
   708 | D:4      | Reached XP level 4. HP: 6/41 MP: 6/6
   708 | D:4      | Reached XP level 5. HP: 7/47 MP: 7/7
   829 | D:4      | Reached XP level 6. HP: 26/53 MP: 8/8
   851 | D:4      | Reached skill level 4 in Polearms
   871 | D:4      | Found a glowing drain.
   888 | Sewer    | Entered a sewer
  1183 | Sewer    | Reached skill level 5 in Polearms
  1183 | Sewer    | Reached XP level 7. HP: 10/60 MP: 9/9
  1587 | D:5      | Killed Edmund
  1587 | D:5      | Reached skill level 6 in Polearms
  1705 | D:5      | Noticed Blork the orc
  1708 | D:5      | Noticed Menkaure
  1848 | D:5      | Learned a level 2 spell: Blink
  1874 | D:5      | Reached XP level 8. HP: 67/67 MP: 10/10
  1905 | D:5      | Reached skill level 7 in Polearms
  1944 | D:5      | Killed Blork the orc
  1962 | D:5      | HP: 3/67 [Menkaure (7)]
  1965 | D:5      | Mangled by Menkaure

Vault maps used:
D:1:      sevenhm_arrival_forest_fort_small_3
D:2:      kb_forest_paths, good_gods_temple_1, chequers_ecumenical_altar_simple,
          hex_medium, uniq_crazy_yiuf_cottage, uniq_robin, uniq_jessica,
          uniq_terence
D:3:      fedhas_altar_3, gammafunk_temple_overflow_pools, first_bread,
          ashenzari_altar_1
D:4:      portal_sewer_entry_b, uniq_grinder
D:5:      corexii_shantytown, grunt_temple_overflow_open, st_stairs_13,
          lemuel_blue_sif_altar, uniq_edmund, uniq_menkaure, uniq_blork_the_orc
Sewer:    sewer_frog_island_02

Skill      XL: |  1  2  3  4  5  6  7  8 |
---------------+-------------------------+-----
Fighting       | 3 4 |  4.4
Polearms       | 3 5 6 7 |  7.2
Armour         | 2 3 4 |  4.6
Short Blades   | |  1.0
Stealth        | |  2.6
Shields        | |  1.0
Unarmed Combat | |  1.7

Action                   |  1- 3 |  4- 6 |  7- 9 || total
-------------------------+-------+-------+-------++-------
Melee: Short sword       |    54 |       |       ||    54
       Punch             |     2 |       |       ||     2
       Trident           |    14 |   164 |   113 ||   291
  Use: Potion            |     6 |       |     2 ||     8
       Scroll            |     9 |     1 |       ||    10
 Stab: Sleeping          |     2 |       |       ||     2
  Eat: Chunk             |       |     1 |     3 ||     4
Armor: Robe              |     8 |       |       ||     8
       Plate armour      |    11 |    74 |    17 ||   102
       Chain mail        |       |       |    18 ||    18
Dodge: Dodged            |    39 |    30 |    17 ||    86
